 Dungeon Crawl Stone Soup version 0.18.1-48-g4cf74bf (webtiles) character file.

23 Joat the Firebug (level 2, -2/20 HPs)
             Began as a Demigod Fire Elementalist on Aug 9, 2016.
             Slain by Terence
             ... wielding a +0 falchion
              (3 damage)
             ... on level 2 of the Dungeon.
             The game lasted 00:06:32 (968 turns).

Joat the Firebug (Demigod Fire Elementalist)         Turns: 968, Time: 00:06:32

Health: -2/20      AC:  8    Str: 11    XL:     2   Next: 54%
Magic:  7/7        EV:  7    Int: 19    God:
Gold:   50         SH:  0    Dex: 16    Spells: 1 memorised, 3 levels left

rFire  . . .     SeeInvis .     k - +2 dagger (holy)
rCold  . . .     Gourm    .     o - +0 chain mail
rNeg   . . .     Faith    .     (no shield)
rPois  .         Spirit   .     (no helmet)
rElec  .         Dismiss  .     (no cloak)
rCorr  .         Reflect  .     (no gloves)
SustAt +         Harm     .     (no boots)
MR     +....                    (no amulet)
Stlth  ..........               n - +2 ring of evasion
                                m - ring of protection from magic

@: somewhat resistant to hostile enchantments, extremely unstealthy
A: high mp 1, sustain attributes
a: no special abilities


You were on level 2 of the Dungeon.
You were hungry.

You visited 1 branch of the dungeon, and saw 2 of its levels.

You collected 50 gold pieces.

Inventory:

Hand Weapons
 j - a +0 spear
 k - a +2 dagger of holy wrath (weapon)
Armour
 a - a +0 robe
 o - a +0 chain mail (worn)
Jewellery
 m - a ring of protection from magic (left hand)
 n - a +2 ring of evasion (right hand)
Scrolls
 e - a scroll of random uselessness {unknown}
 g - a scroll of remove curse {unknown}
 l - a scroll of recharging {unknown}
Potions
 h - 2 potions of resistance {unknown}
Books
 b - a book of Flames

   Spells                             Type                      Level
   a - Flame Tongue                   Conjuration/Fire             1
   b - Throw Flame                    Conjuration/Fire             2
   c - Conjure Flame                  Conjuration/Fire             3
   d - Inner Flame                    Hexes/Fire                   3
   e - Sticky Flame                   Conjuration/Fire             4
   f - Fireball                       Conjuration/Fire             5
Comestibles
 c - a bread ration
 d - a chunk of flesh
 f - 3 fruits
 i - a meat ration


   Skills:
 - Level 1.7 Dodging
 - Level 1.7 Stealth
 - Level 1.7 Spellcasting
 + Level 2.4 Conjurations
 + Level 2.8 Fire Magic


You had 3 spell levels left.
You knew the following spells:

 Your Spells              Type           Power        Failure   Level  Hunger
a - Flame Tongue          Conj/Fire      ##...        100%        1    #......


Dungeon Overview and Level Annotations

Branches:
Dungeon (2/15)

Annotations:
D:2 Terence


Innate Abilities, Weirdness & Mutations

You have an increased reservoir of magic (+10% MP).
Your attributes are resistant to harm.


Message History

Terence hits you but does no damage.
You hit Terence but do no damage.
Terence is heavily wounded.
Terence hits you but does no damage.
You hit Terence but do no damage.
Terence is heavily wounded.
Terence hits you with a falchion.
* * * LOW HITPOINT WARNING * * *
You hit Terence.
Terence is heavily wounded.
Terence closely misses you.
Your chain mail prevents you from hitting Terence.
Terence is heavily wounded.
You hit Terence.
Terence is severely wounded.
Terence hits you but does no damage.
You hit Terence but do no damage.
Terence is severely wounded.
Terence hits you with a falchion.
You die...

#. .###....###.## #..# ...
.#......... #.## #...
...#....# #.#
#..###.#....########### #.#
#.....................# #.#
#.......#########.# #.#
#.#.....# #.# #.#
#.###.......###### #.# #.#
..............@@..# #.# #.#
...##......<.####.####.####.#
# #.####.#.# #...........#
... #.#.# ######.###### #.#.
#.#.# #.# ..)..
#.#.#########.# ## #
#.#...........#
..############# ###


You could see Terence.

Vanquished Creatures
  A dart slug (D:1)
  A giant gecko (D:1)
  A giant cockroach (D:1)
  2 goblins (D:1)
  3 hobgoblins
  7 bats
  2 giant newts (D:1)
  A kobold (D:1)
18 creatures vanquished.

Notes
Turn   | Place    | Note
--------------------------------------------------------------
     0 | D:1      | Joat the Demigod Fire Elementalist began the quest for the Orb.
     0 | D:1      | Reached XP level 1. HP: 14/14 MP: 5/5
     9 | D:1      | Reached skill level 1 in Conjurations
   258 | D:1      | Reached XP level 2. HP: 18/20 MP: 2/7
   835 | D:2      | Found a faded altar to an unknown god.
   869 | D:2      | Noticed Terence
   964 | D:2      | HP: 1/20 [Terence/falchion (1)]
   968 | D:2      | Slain by Terence

Skill      XL: |  1 |
---------------+----+-----
Conjurations   | 2 |  2.4
Dodging        | |  1.7
Stealth        | |  1.7
Spellcasting   | |  1.7
Fire Magic     | |  2.8

Action                   || total
-------------------------++-------
Melee: Dagger            ||    43
       Spear             ||     4
 Cast: Flame Tongue      ||    27
 Stab: Sleeping          ||     2
Armor: Robe              ||    12
       Chain mail        ||    20
Dodge: Dodged            ||    41
